TOP OF THE 1ST |
---|
Ottawa Fat Cats batting - Pitching for Oceanside Swamp Foxes : RHP Ramiro Castaneda | Pitching: RHP Ramiro Castaneda | | Batting: RHB Roberto Rodríguez | 0-0: Ball 1-0: Called Strike 1-1: Foul Ball, location: 2F 1-2: SINGLE (Flyball, 78S) | Batting: RHB Joseph Leach | 0-0: Called Strike 0-1: Ball 1-1: Fly out, F3 (Popup, 3SF) | Batting: SHB Raúl Rivas | 0-0: Called Strike 0-1: Ball 1-1: Ball 2-1: Foul Ball, location: 2F 2-2: SINGLE (Flyball, 78S) Roberto Rodríguez to second | Batting: RHB Ronald Cleveland | 0-0: Foul Ball, location: 2F 0-1: Ball 1-1: Foul Ball, location: 2F 1-2: Ball 2-2: Strikes out swinging | Batting: RHB Louis-Alexandre Lévesque | 0-0: Ball 1-0: Ball 2-0: Called Strike 2-1: Ball 3-1: Called Strike 3-2: Strikes out swinging | Top of the 1st over - 0 runs, 2 hits, 0 errors, 2 left on base; Ottawa 0 - Oceanside 0 | BOTTOM OF THE 1ST |
---|
Oceanside Swamp Foxes batting - Pitching for Ottawa Fat Cats : RHP Wilson Flores | Pitching: RHP Wilson Flores | | Batting: RHB Luis Vigueras | 0-0: Ball 1-0: Ball 2-0: Ball 3-0: Foul Ball, location: 2F 3-1: Base on Balls | Batting: RHB Jacob Glasspool | 0-0: Ball Pickoff Throw to First - Out! 1-0: Called Strike 1-1: Foul Ball, location: 2F 1-2: Ball 2-2: SINGLE (Groundball, 34D) | Batting: SHB León Galló | 0-0: Ball 1-0: Ball 2-0: DOUBLE (Line Drive, 8LD) Jacob Glasspool to third Runner from 3rd tries for Home, SAFE, no throw | Batting: LHB Alonso Contreras | 0-0: Ball 1-0: Foul Ball, location: 2F 1-1: Ball 2-1: Foul Ball, location: 2F 2-2: Foul Ball, location: 2F 2-2: Foul Ball, location: 2F 2-2: Fly out, F8 (Flyball, 8LD) | Batting: RHB Jeff Byford | 0-0: Ball 1-0: Ground out 5-3 (Groundball, 5L) | Bottom of the 1st over - 1 run, 2 hits, 0 errors, 1 left on base; Ottawa 0 - Oceanside 1 | TOP OF THE 2ND |
---|
Ottawa Fat Cats batting - Pitching for Oceanside Swamp Foxes : RHP Ramiro Castaneda | Batting: RHB Manny Velásquez | 0-0: Called Strike 0-1: Ball 1-1: Ball 2-1: SINGLE (Groundball, 56D) | Batting: RHB Jesús Herrera | 0-0: Ball 1-0: Fielders Choice at 2nd, 6-4 (Groundball, 6MD) | Batting: RHB Vicente Guerra | 0-0: Swinging Strike 0-1: SINGLE (Groundball, 34D) Jesús Herrera to second Runner from 2nd tries for 3rd, SAFE, no throw | Batting: RHB Juan Blanco | 0-0: Swinging Strike 0-1: Fly out, F9 (Flyball, 9S) Runner from 3rd tags up, OUT at HOME | Top of the 2nd over - 0 runs, 2 hits, 0 errors, 1 left on base; Ottawa 0 - Oceanside 1 | BOTTOM OF THE 2ND |
---|
Oceanside Swamp Foxes batting - Pitching for Ottawa Fat Cats : RHP Wilson Flores | Batting: RHB Ricardo López | 0-0: Called Strike 0-1: Foul Ball, location: 2F 0-2: Ball 1-2: DOUBLE (Line Drive, 78D) | Batting: RHB Bert Larson | 0-0: Ball 1-0: Called Strike 1-1: Ball 2-1: Foul Ball, location: 2F 2-2: Strikes out swinging | Batting: RHB Owen Parra | 0-0: Ball 1-0: Called Strike 1-1: Ball 2-1: Foul Ball, location: 2F 2-2: Foul Ball, location: 2F 2-2: Ball 3-2: Ground out 5-3 (Groundball, 5L) | Batting: LHB Ernesto Rivera | 0-0: Ball 1-0: Ground out 6-3 (Groundball, 6) | Bottom of the 2nd over - 0 runs, 1 hit, 0 errors, 1 left on base; Ottawa 0 - Oceanside 1 | TOP OF THE 3RD |
---|
Ottawa Fat Cats batting - Pitching for Oceanside Swamp Foxes : RHP Ramiro Castaneda | Batting: RHB Roberto Rodríguez | 0-0: Called Strike 0-1: Ball 1-1: Foul Ball, location: 2F 1-2: SINGLE (Groundball, 25) (infield hit) | Batting: RHB Joseph Leach | 0-0: Fielders Choice at 2nd, 4-6 (Groundball, 4) | Batting: SHB Raúl Rivas | 0-0: Ball 1-0: Ball 2-0: Ball 3-0: Called Strike 3-1: DOUBLE (Flyball, 78D) Joseph Leach to third Runner from 3rd tries for Home, SAFE, no throw | Batting: RHB Ronald Cleveland | 0-0: Called Strike 0-1: Ball 1-1: Called Strike 1-2: Foul Ball, location: 2F 1-2: Foul Ball, location: 2F 1-2: 2-RUN HOME RUN (Flyball, 78XD), Distance : 421 ft | Batting: RHB Louis-Alexandre Lévesque | 0-0: Fly out, F3 (Line Drive, 34) | Batting: RHB Manny Velásquez | 0-0: Ball 1-0: Foul Ball, location: 2F 1-1: Ball 2-1: Ball 3-1: Swinging Strike 3-2: SINGLE (Groundball, 6MD) | Batting: RHB Jesús Herrera | 0-0: Fielders Choice at 2nd, 6-4 (Groundball, 6) | Top of the 3rd over - 3 runs, 4 hits, 0 errors, 1 left on base; Ottawa 3 - Oceanside 1 | BOTTOM OF THE 3RD |
---|
Oceanside Swamp Foxes batting - Pitching for Ottawa Fat Cats : RHP Wilson Flores | Batting: RHB Luis Vigueras | 0-0: SINGLE (Groundball, 34D) | Batting: RHB Jacob Glasspool | 0-0: Called Strike 0-1: Swinging Strike 0-2: Ball 1-2: Reached on error, E9 (Flyball, 9S) Luis Vigueras to second | Batting: SHB León Galló | 0-0: Swinging Strike 0-1: Swinging Strike 0-2: Strikes out looking | Batting: LHB Alonso Contreras | 0-0: Called Strike 0-1: Swinging Strike 0-2: Ball 1-2: Foul Ball, location: 2F 1-2: Foul Ball, location: 2F 1-2: Foul Ball, location: 2F 1-2: Fly out, F4 (Popup, 4S) | Batting: RHB Jeff Byford | 0-0: Ball 1-0: Called Strike 1-1: Foul Ball, location: 2F 1-2: SINGLE (Line Drive, 4M) Luis Vigueras to third Jacob Glasspool to second Runner from 3rd tries for Home, SAFE, throw made home | Batting: RHB Ricardo López | 0-0: Ball 1-0: Foul Ball, location: 2F 1-1: Ball 2-1: Swinging Strike 2-2: Ground out 5-3 (Groundball, 56S) | Bottom of the 3rd over - 1 run, 2 hits, 1 error, 2 left on base; Ottawa 3 - Oceanside 2 | TOP OF THE 4TH |
---|
Ottawa Fat Cats batting - Pitching for Oceanside Swamp Foxes : RHP Ramiro Castaneda | Batting: RHB Vicente Guerra | 0-0: Foul Ball, location: 2F 0-1: Ball 1-1: Ball 2-1: SINGLE (Groundball, 56) (infield hit) | Batting: RHB Juan Blanco | 0-0: Fielders Choice at 2nd, 6-4 (Groundball, 56) | Batting: RHB Roberto Rodríguez | 0-0: Ball 1-0: Ball 2-0: Swinging Strike 2-1: Ball 3-1: Foul Ball, location: 2F 3-2: Foul Ball, location: 2F 3-2: Strikes out looking | Batting: RHB Joseph Leach | 0-0: Ball 1-0: Foul Ball, location: 2F 1-1: Fielders Choice at 2nd, U4 (Groundball, 4M) | Top of the 4th over - 0 runs, 1 hit, 0 errors, 1 left on base; Ottawa 3 - Oceanside 2 | BOTTOM OF THE 4TH |
---|
Oceanside Swamp Foxes batting - Pitching for Ottawa Fat Cats : RHP Wilson Flores | Batting: RHB Bert Larson | 0-0: Ground out 5-3 (Groundball, 56S) | Batting: RHB Owen Parra | 0-0: Ball 1-0: Ball 2-0: Ball 3-0: Base on Balls | Batting: LHB Ernesto Rivera | 0-0: Ball 1-0: Called Strike 1-1: Foul Ball, location: 2F 1-2: Strikes out swinging | Batting: RHB Luis Vigueras | 0-0: Ball 1-0: Ball 2-0: Foul Ball, location: 2F 2-1: Fly out, F8 (Line Drive, 8LM) | Bottom of the 4th over - 0 runs, 0 hits, 0 errors, 1 left on base; Ottawa 3 - Oceanside 2 | TOP OF THE 5TH |
---|
Ottawa Fat Cats batting - Pitching for Oceanside Swamp Foxes : RHP Ramiro Castaneda | Batting: SHB Raúl Rivas | 0-0: Ball 1-0: Foul Ball, location: 2F 1-1: Foul Ball, location: 2F 1-2: SINGLE (Groundball, 56D) | Batting: RHB Ronald Cleveland | 0-0: Called Strike 0-1: Fielders Choice at 2nd, 1-4 (Groundball, 15S) | Batting: RHB Louis-Alexandre Lévesque | 0-0: Foul Ball, location: 2F 0-1: Ball 1-1: Fly out, F8 (Flyball, 8LM) | Batting: RHB Manny Velásquez | 0-0: Ball 1-0: Ball 2-0: Fly out, F2 (Popup, 23F) | Top of the 5th over - 0 runs, 1 hit, 0 errors, 1 left on base; Ottawa 3 - Oceanside 2 | BOTTOM OF THE 5TH |
---|
Oceanside Swamp Foxes batting - Pitching for Ottawa Fat Cats : RHP Wilson Flores | Batting: RHB Jacob Glasspool | 0-0: Swinging Strike 0-1: Swinging Strike 0-2: Fly out, F6 (Line Drive, 6MD) | Batting: SHB León Galló | 0-0: Called Strike 0-1: Swinging Strike 0-2: SINGLE (Groundball, 34D) | Batting: LHB Alonso Contreras | 0-0: Ball 1-0: Foul Ball, location: 2F 1-1: Ground out 5-3 (Groundball, 5S) León Galló to second | Pitching: RHP Raúl Mendoza | | Batting: RHB Jeff Byford | 0-0: Ground out 5-3 (Groundball, 2L) | Bottom of the 5th over - 0 runs, 1 hit, 0 errors, 1 left on base; Ottawa 3 - Oceanside 2 | TOP OF THE 6TH |
---|
Ottawa Fat Cats batting - Pitching for Oceanside Swamp Foxes : RHP Ramiro Castaneda | Batting: RHB Jesús Herrera | 0-0: Ball 1-0: Ball 2-0: SINGLE (Line Drive, 89S) | Batting: RHB Vicente Guerra | 0-0: Called Strike 0-1: Foul Ball, location: 2F 0-2: Ball 1-2: Foul Ball, location: 2F 1-2: Ball 2-2: Ball 3-2: Grounds into double play, 1-6-3 (Groundball, P) | Batting: RHB Juan Blanco | 0-0: Fly out, F5 (Popup, 25F) | Top of the 6th over - 0 runs, 1 hit, 0 errors, 0 left on base; Ottawa 3 - Oceanside 2 | BOTTOM OF THE 6TH |
---|
Oceanside Swamp Foxes batting - Pitching for Ottawa Fat Cats : RHP Raúl Mendoza | Batting: RHB Ricardo López | 0-0: Called Strike 0-1: SINGLE (Line Drive, 7S) | Batting: RHB Bert Larson | 0-0: Called Strike 0-1: Ball 1-1: SINGLE (Groundball, 56D) Ricardo López to second | Batting: RHB Owen Parra | 0-0: Swinging Strike 0-1: Swinging Strike 0-2: Fly out, F9 (Line Drive, 9S) | Batting: LHB Ernesto Rivera | 0-0: Foul Ball, location: 2F 0-1: SINGLE (Groundball, 34D) Ricardo López to third Bert Larson to second | Batting: RHB Luis Vigueras | 0-0: Fly out, F4 (Popup, 3D) | Batting: RHB Jacob Glasspool | 0-0: Ball 1-0: Ball 2-0: Ball 3-0: Called Strike 3-1: Foul Ball, location: 2F 3-2: Foul Ball, location: 2F 3-2: Foul Ball, location: 2F 3-2: Foul Ball, location: 2F 3-2: Fly out, F8 (Flyball, 8RD) | Bottom of the 6th over - 0 runs, 3 hits, 0 errors, 3 left on base; Ottawa 3 - Oceanside 2 | TOP OF THE 7TH |
---|
Ottawa Fat Cats batting - Pitching for Oceanside Swamp Foxes : RHP Ramiro Castaneda | Batting: RHB Roberto Rodríguez | 0-0: TRIPLE (Flyball, 9LD) | Batting: RHB Joseph Leach | 0-0: Fly out, F8 (Flyball, 8RD) Runner from 3rd tags up, OUT at HOME | Batting: SHB Raúl Rivas | 0-0: Called Strike 0-1: Foul Ball, location: 2F 0-2: Strikes out swinging | Top of the 7th over - 0 runs, 1 hit, 0 errors, 0 left on base; Ottawa 3 - Oceanside 2 | BOTTOM OF THE 7TH |
---|
Oceanside Swamp Foxes batting - Pitching for Ottawa Fat Cats : RHP Raúl Mendoza | Batting: SHB León Galló | 0-0: Ball 1-0: Foul Ball, location: 2F 1-1: Ball 2-1: Foul Ball, location: 2F 2-2: Ball 3-2: Single, Error in OF, E9, batter to second base | Pitching: LHP Danilo Gauci | | Pinch Hitting: RHB Howard Reed | 0-0: Ball 1-0: Ball 2-0: Ball 3-0: Called Strike 3-1: DOUBLE (Line Drive, 89D) León Galló scores | Pitching: RHP Roberto Silva | | Pinch Hitting: LHB Cade Brown | 0-0: Ball 1-0: Foul Ball, location: 2F 1-1: TRIPLE (Flyball, 89XD) Howard Reed scores | Pinch Hitting: LHB Clinton O'Brien | 0-0: Called Strike 0-1: Ball 1-1: Called Strike 1-2: Ball 2-2: Ball 3-2: SINGLE (Line Drive, 34) Cade Brown scores | Batting: RHB Bert Larson | 0-0: Ball Passed Ball! Clinton O'Brien to second 1-0: Foul Ball, location: 2F 1-1: Called Strike 1-2: Foul Ball, location: 2F 1-2: Ball 2-2: Fly out, F7 (Flyball, 78D) | Batting: RHB Owen Parra | 0-0: Called Strike 0-1: Ball 1-1: Foul Ball, location: 2F 1-2: Foul Ball, location: 2F 1-2: Ball 2-2: Fly out, F6 (Line Drive, 6) | Batting: LHB Ernesto Rivera | 0-0: Ball 1-0: Ball 2-0: Ball 3-0: Base on Balls | Batting: RHB Luis Vigueras | 0-0: Called Strike 0-1: Reached via error on a dropped throw, E1 Clinton O'Brien to third Ernesto Rivera to second | Batting: RHB Jacob Glasspool | 0-0: Called Strike 0-1: Ball 1-1: Ball 2-1: Called Strike 2-2: Foul Ball, location: 2F 2-2: Ground out U3 (Groundball, 34) | Bottom of the 7th over - 3 runs, 4 hits, 2 errors, 3 left on base; Ottawa 3 - Oceanside 5 | TOP OF THE 8TH |
---|
Ottawa Fat Cats batting - Pitching for Oceanside Swamp Foxes : RHP Ramiro Castaneda | Now at 1B: Howard Reed | | Now at 2B: Júlio Viña | | Now at SS: Jorge Quiñones | | Batting: RHB Ronald Cleveland | 0-0: Ball 1-0: Ball 2-0: Called Strike 2-1: Foul Ball, location: 2F 2-2: Ball 3-2: Foul Ball, location: 2F 3-2: Fly out, F6 (Line Drive, 6M) | Batting: RHB Louis-Alexandre Lévesque | 0-0: DOUBLE (Line Drive, 8RD) | Batting: RHB Manny Velásquez | 0-0: Ball 1-0: Called Strike 1-1: Ball 2-1: Called Strike 2-2: Ground out 6-3 (Groundball, 6) | Batting: RHB Jesús Herrera | 0-0: Ground out 4-3 (Groundball, 4) | Top of the 8th over - 0 runs, 1 hit, 0 errors, 1 left on base; Ottawa 3 - Oceanside 5 | BOTTOM OF THE 8TH |
---|
Oceanside Swamp Foxes batting - Pitching for Ottawa Fat Cats : RHP Roberto Silva | Batting: SHB León Galló | 0-0: DOUBLE (Line Drive, 9D) | Batting: RHB Howard Reed | 0-0: Intentional Walk | Batting: SHB Júlio Viña | 0-0: Foul Ball, location: 2F 0-1: Ball 1-1: DOUBLE (Line Drive, 5D) León Galló scores Howard Reed to third | Pitching: RHP Jorge Báez | | Batting: SHB Jorge Quiñones | 0-0: Foul Ball, location: 2F 0-1: Ball 1-1: Foul Ball, location: 2F 1-2: SINGLE (Line Drive, 5D) Howard Reed scores Júlio Viña to third | Batting: RHB Bert Larson | 0-0: Ball 1-0: Ball 2-0: Ball 3-0: Base on Balls Jorge Quiñones to second | Batting: RHB Owen Parra | 0-0: Called Strike 0-1: Foul Ball, location: 2F 0-2: Strikes out looking | Batting: LHB Ernesto Rivera | 0-0: Ball 1-0: Ball 2-0: Foul Ball, location: 2F 2-1: Ball 3-1: Base on Balls Júlio Viña scores Jorge Quiñones to third Bert Larson to second | Batting: RHB Luis Vigueras | 0-0: Foul Ball, location: 2F 0-1: Hit by Pitch Jorge Quiñones scores Bert Larson to third Ernesto Rivera to second | Batting: RHB Jacob Glasspool | 0-0: Ball 1-0: Ball 2-0: Called Strike 2-1: Foul Ball, location: 2F 2-2: Ball 3-2: Fly out, F7 (Flyball, 7S) | Batting: SHB León Galló | 0-0: Swinging Strike 0-1: Fielders Choice at 2nd, 6-4 (Groundball, 6) | Bottom of the 8th over - 4 runs, 3 hits, 0 errors, 3 left on base; Ottawa 3 - Oceanside 9 | TOP OF THE 9TH |
---|
Ottawa Fat Cats batting - Pitching for Oceanside Swamp Foxes : RHP Ramiro Castaneda | Batting: RHB Vicente Guerra | 0-0: Called Strike 0-1: Foul Ball, location: 2F 0-2: Ball 1-2: Ball 2-2: Ball 3-2: Ground out 6-3 (Groundball, 56) | Batting: RHB Juan Blanco | 0-0: Called Strike 0-1: Ball 1-1: Ball 2-1: Ball 3-1: Fly out, F8 (Flyball, 8RD) | Batting: RHB Roberto Rodríguez | 0-0: Ball 1-0: Foul Ball, location: 2F 1-1: Ball 2-1: Fly out, F8 (Flyball, 8RM) | Top of the 9th over - 0 runs, 0 hits, 0 errors, 0 left on base; Ottawa 3 - Oceanside 9 | |